 Dungeon Crawl Stone Soup version 0.20-a0-562-g1086055 (console) character file.

56 shpingle the Cudgeler (level 3, -3/27 HPs)
             Began as a Demonspawn Wanderer on Feb 3, 2017.
             Killed from afar by Sigmund (9 damage)
             ... with a magic dart
             ... on level 2 of the Dungeon.
             The game lasted 00:11:27 (1550 turns).

shpingle the Cudgeler (Demonspawn Wanderer)         Turns: 1550, Time: 00:11:28

Health: -3/27      AC:  5    Str: 19    XL:     3   Next: 69%
Magic:  3/3        EV: 16    Int: 11    God:
Gold:   20         SH:  0    Dex: 18    Spells: 2/2 levels left

rFire    . . .     SeeInvis .   a - +3 mace
rCold    . . .     Gourm    .   g - +0 leather armour
rNeg     . . .     Faith    .   (no shield)
rPois    .         Spirit   .   (no helmet)
rElec    .         Reflect  .   (no cloak)
rCorr    .         Harm     .   (no gloves)
MR       .....                  (no boots)
Stlth    +++.......             (no amulet)
Regen    0.1/turn               (no ring)
                                (no ring)

@: mighty, agile
A: molten scales 1, powered by pain 1
a: no special abilities


You were on level 2 of the Dungeon.
You were not hungry.

You visited 1 branch of the dungeon, and saw 2 of its levels.

You collected 20 gold pieces.

Inventory:

Hand Weapons
 a - a +3 mace (weapon)
Missiles
 j - 44 stones (quivered)
Armour
 d - a +0 robe
 g - a +0 leather armour (worn)
Scrolls
 b - 3 scrolls of teleportation
Potions
 r - a potion of beneficial mutation
Comestibles
 f - a bread ration
 p - a meat ration
 s - a royal jelly
 t - 3 chunks of flesh


   Skills:
 - Level 2.0 Fighting
 + Level 3.3 Maces & Flails
 - Level 1.7 Throwing
 - Level 2.6 Armour
 - Level 1.0 Dodging
 - Level 1.0 Stealth


You had 2 spell levels left.
You didn't know any spells.

Dungeon Overview and Level Annotations

Branches:
Dungeon (2/15)

Altars:
Xom

Annotations:
D:2 Sigmund


Innate Abilities, Weirdness & Mutations

You are partially covered in molten scales. (AC +2)
You sometimes gain a little power by taking damage.


Message History

Deactivating autopickup; reactivate with Ctrl-A.
Something closely misses you.
You bump into the rock wall.
Something barely misses you.
You hear some strange, mumbled words.
Something tries to affect you, but you resist.
You feel less confused.
A magic dart appears from out of thin air!
The magic dart hits you! Something hits you!
* * * LOW HITPOINT WARNING * * *
You focus on the pain.
You feel very mighty all of a sudden.
Okay, then.
Something barely misses you.
You hear some strange, mumbled words.
Something tries to affect you, but you resist.
A magic dart appears from out of thin air!
The magic dart hits you!
You die... ████████████

*█.......<..██ *********
█.........†..█ *,,,,,,,**
█..███..███..█
*,***,*,,**█,,█.@..{.█..██
*,**,,,**.......█..█.....█
*,*,*,*,*.██..███........█**
*,,,,_,,,,*█.......███.....█
***,*,*,***█.............█.█**
**,,,*,* *██████████.█.....*
**,*,,************█.███.█.█
*,,,,,,,,,*,,,,,,...,,.>▼█
*********,*,,,,,,..█***..█


There were no monsters in sight!

Vanquished Creatures
  An adder (D:2)
  2 dart slugs (D:1)
  5 leopard geckos
  4 bats (D:1)
  A goblin (D:1)
  3 hobgoblins (D:1)
  6 jackals (D:1)
  3 ball pythons (D:1)
  3 frilled lizards (D:1)
  4 kobolds (D:1)
  5 rats
37 creatures vanquished.

Notes
Turn   | Place    | Note
-------+----------+-------------------------------------------
     0 | D:1      | shpingle the Demonspawn Wanderer began the quest for the Orb.
     0 | D:1      | shpingle set off with: a +2 mace, a scroll of teleportation, a potion of curing, a +0 robe, a bread ration
     0 | D:1      | Reached XP level 1. HP: 16/16 MP: 1/1
   169 | D:1      | Reached skill level 2 in Maces & Flails
   169 | D:1      | Gained mutation: You sometimes gain a little power by taking damage. [demonic ancestry]
   169 | D:1      | Reached XP level 2. HP: 11/22 MP: 2/2
   759 | D:1      | Gained mutation: You are partially covered in molten scales. (AC +2) [demonic ancestry]
   759 | D:1      | Reached XP level 3. HP: 27/27 MP: 3/3
  1038 | D:1      | Reached skill level 3 in Maces & Flails
  1410 | D:1      | Found a shimmering altar of Xom.
  1412 | D:1      | Found a shimmering altar of Xom.
  1412 | D:1      | Found a bloodstained altar of Trog.
  1415 | D:1      | Found a basalt altar of Yredelemnul.
  1415 | D:1      | Found a white marble altar of Elyvilon.
  1415 | D:1      | Found an opulent altar of Gozag.
  1521 | D:2      | Noticed Sigmund
  1550 | D:2      | Killed from afar by Sigmund

Vault maps used:
D:1:      roderic_crossed_star, columned_hall_lemuel, doesnt_xom_only_xom
D:2:      grunt_dithmenos_smoke_and_mirrors, uniq_sigmund, uniq_natasha

Skill      XL: |  1  2  3 |
---------------+----------+-----
Maces & Flails | 2 3 |  3.3
Fighting       | |  2.0
Throwing       | |  1.7
Armour         | |  2.6
Dodging        | |  1.0
Stealth        | |  1.0

Action                   || total
-------------------------++-------
Melee: Mace              ||   109
Throw: Stone             ||    29
  Use: Potion            ||     3
       Scroll            ||     4
 Stab: Sleeping          ||     1
  Eat: Chunk             ||     2
Armor: Leather armour    ||    37
       Robe              ||     2
       Skin              ||     8
Dodge: Dodged            ||    83
